 Dungeon Crawl Stone Soup version 0.31.0-32-g396128a36d (webtiles) character file.

Game seed: 11789907022100393024

78 Doomgape the Trooper (level 4, -11/29 HPs)
             Began as a Gargoyle Fighter on Apr 3, 2024.
             Blown up by Ijyb (14 damage)
             ... with a mindburst bolt
             ... on level 3 of the Dungeon.
             The game lasted 00:04:19 (1928 turns).

Doomgape the Trooper (Gargoyle Fighter)             Turns: 1928, Time: 00:04:20

Health: -11/29     AC: 13    Str: 22    XL:     4   Next: 36%
Magic:  4/4        EV:  8    Int:  8    God:
Gold:   74         SH:  4    Dex:  9    Spells: 3/3 levels left

rFire   + . .        a - +0 flail
rCold   . . .        c - +0 buckler
rNeg    + . .        l - +0 chain mail
rPois   ∞            (no helmet)
rElec   +            (no cloak)
rCorr   .            (no gloves)
SInv    .            (no boots)
Will    .....        (no amulet) Stlth
                     i - ring of protection from fire
HPRegen 0.24/turn    (no ring)
MPRegen 0.09/turn

%: no passive effects
@: no status effects
A: sickness immunity, AC +3, negative energy resistance 1, electricity
resistance, torment resistance 1, petrification resistance
a: no special abilities


You were on level 3 of the Dungeon.
You visited 1 branch of the dungeon, and saw 3 of its levels.

You collected 184 gold pieces.
You spent 110 gold pieces at shops.

Inventory:

Hand Weapons
 a - a +0 flail (weapon)
Armour
 c - a +0 buckler (worn)
 l - a +0 chain mail (worn)
Jewellery
 i - a ring of protection from fire (left hand)
Scrolls
 b - a scroll of poison
 e - a scroll of identify {unknown}
 h - 3 scrolls of teleportation
Potions
 d - 2 potions of might
 f - a potion of lignification {unknown}
 g - a potion of brilliance {unknown}
 j - a potion of invisibility {unknown}
 k - a potion of heal wounds
 m - 2 potions of curing


   Skills:
 + Level 4.2 Fighting
 + Level 3.0 Maces & Flails
 + Level 4.1 Armour
 - Level 3.2 Shields


You had 3 spell levels left.
You didn't know any spells.
Your spell library contained the following spells:

 Spells                   Type           Power      Damage    Failure   Level
 Hailstorm                Conj/Ice       0%         3d5       100%        3
 Summon Ice Beast         Ice/Summ       0%         N/A       100%        3
 Sculpt Simulacrum        Ice/Alch       0%         N/A       100%        6


Dungeon Overview and Level Annotations

Branches:
Dungeon (3/15)

Altars:
Fedhas

Shops:
D:3 !*

Annotations:
D:3 Ijyb


Innate Abilities, Weirdness & Mutations

You are immune to sickness and miasma.
Your stone body is resilient. (AC +3)
You are immune to poison.
You resist negative energy. (rN+)
You are resistant to electric shocks. (rElec)
You are resistant to unholy torment.
You are immune to petrification.


Message History

You kill the orc!
No target in view!
Things that are here:
a +0 club; an orc corpse
There is a stone staircase leading up here.
Found Foem's Distillery.
You now have 184 gold pieces (gained 4).
There is an entrance to Foem's Distillery here.
k - a potion of heal wounds;
m - 2 potions of curing Thank you for shopping at Foem's Distillery!
You open the door.
Found a stone staircase leading down.
There is an open door here.
There is a stone staircase leading down here.
Found 9 stones.
Ijyb the Twisted Goblin comes into view.
She is wielding a +0 dagger and carrying a wand of mindburst.
Ijyb zaps a wand.
Your mind is blasted!
You hear a shout!
You closely miss Ijyb. Ijyb hits you but does no damage.
A hobgoblin comes into view.
You hit Ijyb.
Ijyb is lightly wounded.
Ijyb hits you but does no damage. You block Ijyb's attack.
Ijyb attacks as she pursues you! Ijyb closely misses you.
You closely miss Ijyb.
Ijyb is lightly wounded.
You block Ijyb's attack.
You barely miss Ijyb.
Ijyb is lightly wounded.
Ijyb zaps a wand.
You barely resist. You barely miss Ijyb.
Ijyb is lightly wounded.
Ijyb zaps a wand.
Your mind is blasted!
Ouch! That really hurt!
* * * LOW HITPOINT WARNING * * *
You closely miss Ijyb.
Ijyb is lightly wounded.
Ijyb screams, "It's all mine!"
Ijyb zaps a wand.
Your mind is blasted!
You die...

#.###.# #.
##.#.##
####. #.#.#
#..'.
##.#.##
#.##.
#.###.#
#..#.
##.#.##
#..+# #.#.#
#.## #.#.##
##.####.##.
#.###@#
.......#.'.
## #g##
##.####.##.
#.#g# #.##.
#. ... #.##
## .### #.#
+# #.##
###..##
##......
##..##.##


You could see Ijyb.

Vanquished Creatures
  2 adders (D:2)
  2 dart slugs (D:1)
  2 ribbon worms (D:2)
  An orc (D:3)
  6 ball pythons
  2 bats (D:1)
  2 endoplasms (D:1)
  A giant cockroach (D:1)
  2 goblins
  2 hobgoblins
  10 jackals (D:2)
  3 quokkas
  6 kobolds
  5 rats
46 creatures vanquished.

Notes
Turn   | Place    | Note
-------+----------+-------------------------------------------
     0 | D:1      | Doomgape the Gargoyle Fighter began the quest for the Orb.
     0 | D:1      | Reached XP level 1. HP: 14/14 MP: 1/1
   188 | D:1      | Reached XP level 2. HP: 7/19 MP: 2/2
   525 | D:1      | Found a faded altar of an unknown god.
   580 | D:1      | Reached XP level 3. HP: 24/24 MP: 3/3
  1344 | D:2      | Reached XP level 4. HP: 29/29 MP: 4/4
  1722 | D:3      | Found a blossoming altar of Fedhas.
  1826 | D:3      | Found Jaolie's General Store.
  1871 | D:3      | Found Foem's Distillery.
  1876 | D:3      | Bought a potion of heal wounds for 50 gold pieces
  1876 | D:3      | Bought 2 potions of curing for 60 gold pieces
  1920 | D:3      | Noticed Ijyb
  1928 | D:3      | Blown up by Ijyb

Illustrated notes

Levels and vault maps discovered:
D:1:      dpeg_arrival_oval, layout_basic, dilly_ecumenical_altar_fadedgnrine
D:2:      layout_loops_ring
D:3:      layout_loops_corners, mainiacjoe_overflow_24_doors, serial_shops,
          shop, nicolae_shop_real_fake_doors, nicolae_shop_trees, minivault_25,
          roderic_roman_lattice, grunt_ministairs_1, uniq_crazy_yiuf_cottage,
          uniq_ijyb

Skill      XL: |  1  2  3  4 |
---------------+-------------+-----
Fighting       | 4 |  4.2
Armour         | 4 |  4.1
Maces & Flails | 3 |  3.0
Shields        | |  3.2

Action                     |  1- 3 |  4- 6 || total
---------------------------+-------+-------++-------
  Melee: Flail             |   143 |    55 ||   198
    Use: Scroll            |     4 |       ||     4
 Armour: Scale mail        |    33 |       ||    33
         Chain mail        |    97 |    38 ||   135
  Dodge: Dodged            |    47 |    22 ||    69
  Block: Buckler           |    36 |    20 ||    56
